 Dungeon Crawl Stone Soup version 5.6-49-g8abd877 (webtiles) character file.

350 HarryHood the Warrior (level 16, -15/111 HPs) *CASUAL*
             Began as a Gargoyle Fighter on Oct 7, 2018.
             Was the Champion of Cheibriados.
             Demolished by an orc knight
             ... wielding a +0 double sword
              (29 damage)
             ... on level 1 of the Orcish Mines on Oct 8, 2018.
             The game lasted 00:55:59 (13662 turns).

HarryHood the Warrior (Gargoyle Fighter)           Turns: 13662, Time: 00:56:00

Health: -15/111    AC: 35 (50%)Str: 41  XL:     16   Next: 21%
Magic:  30/34      EV:  8    Int: 29    God:    Cheibriados [6*[174]]
Gold:   578        SH: 24    Dex: 31    Spells: 35/35 levels left

rFire    + . .     SeeInvis .   b - +7 mace "Orb Guardian's Regret" {flame, rElec rPois rC+}
rCold    + . .     Faith    .   c - +0 shield
rNeg     + + .     Spirit   .   o - +1 plate armour "Guzulas" {rF+ Dex+6}
rPois    ∞         Reflect  +   g - +2 hat
rElec    +                      k - +2 cloak
rCorr    .                      e - +1 pair of gloves
MR       +....                  B - +0 pair of boots
Stlth    ..........             A - +6 amulet of reflection
Regen    0.3/turn               h - ring of positive energy
MPRegen  0.4/turn               w - +5 ring of intelligence

@: flying, very slow
A: big wings, negative energy resistance 1, electricity resistance, unbreathing,
petrification resistance, rot immunity, AC +11
a: Stop Flying, Bend Time, Temporal Distortion, Slouch, Step From Time, Renounce
Religion


You were on level 1 of the Orcish Mines.
You worshipped Cheibriados.
Cheibriados was exalted by your worship.
You were not hungry.

You visited 3 branches of the dungeon, and saw 17 of its levels.
You visited the bazaar 1 time.
You also visited: Sewer.

You collected 1234 gold pieces.
You spent 656 gold pieces at shops.

Inventory:

Hand Weapons
 a - a +6 flail of draining
 b - the +7 mace "Orb Guardian's Regret" (weapon) {flame, rElec rPois rC+}
   (You bought it in a shop in a bazaar)

   It has been specially enchanted to produce a fiery explosion on hit, causing
   extra injury to most foes and up to half again as much damage against
   particularly susceptible opponents.
   It protects you from cold.
   It insulates you from electricity.
   It protects you from poison.
Missiles
 y - 78 tomahawks (quivered)
Armour
 c - a +0 shield (worn)
 e - a +1 pair of gloves (worn)
 g - a +2 hat (worn)
 k - a +2 cloak (worn)
 o - the +1 plate armour "Guzulas" (worn) {rF+ Dex+6}
   (You found it on level 4 of the Dungeon)

   It affects your dexterity (+6).
   It protects you from fire.
 B - a +0 pair of boots (worn)
Jewellery
 h - a ring of positive energy (left hand)
 w - a +5 ring of intelligence (right hand)
 x - an uncursed ring of wizardry
 A - a +6 amulet of reflection (around neck)
Scrolls
 f - 5 scrolls of amnesia
 i - 7 scrolls of fog
 l - 6 scrolls of teleportation {@r0}
 m - 4 scrolls of fear
 q - 4 scrolls of magic mapping {@r5}
 r - 2 scrolls of summoning
 s - 3 scrolls of blinking {@r7}
Potions
 d - 5 potions of augmentation
 j - 3 potions of flight
 n - 9 potions of ambrosia
 p - a potion of heal wounds {@q1}
 t - a potion of magic
 u - 2 potions of mutation
 v - 2 potions of lignification
 z - 3 potions of cancellation


   Skills:
 + Level 16.5 Fighting
 - Level 14.0 Maces & Staves
 - Level 9.0 Armour
 + Level 14.2 Shields
 + Level 13.3 Invocations


You had 35 spell levels left.
You didn't know any spells.
Your spell library contained the following spells:

 Spells                   Type           Power        Failure   Level  Hunger
 Magic Dart               Air            0 (25)       45%         1    N/A
 Fireball                 Fire           0 (200)      100%        5    N/A
 Conjure Flame            Fire/Air       0 (100)      83%         3    N/A
 Bolt of Fire             Fire           0 (200)      100%        6    N/A
 Slow                     Hex            0 (100)      61%         2    N/A
 Confuse                  Hex            0 (100)      83%         3    N/A
 Ring of Flames           Chrm/Fire      0 (200)      100%        7    N/A
 Teleport Other           Tloc           0 (100)      83%         3    N/A
 Blink                    Tloc           N/A          61%         2    N/A
 Sublimation of Blood     Necr           0 (200)      61%         2    N/A
 Summon Demon             Summ           0 (200)      100%        5    N/A
 Recall                   Summ/Tloc      N/A          83%         3    N/A
 Shadow Creatures         Summ           N/A          100%        6    N/A
 Confusing Touch          Hex            0 (50)       45%         1    N/A
 Passwall                 Tmut/Erth      0 (200)      61%         2    N/A
 Ignite Poison            Fire/Tmut      0 (100)      83%         3    N/A
 Call Canine Familiar     Summ           0 (100)      83%         3    N/A
 Metabolic Englaciation   Hex/Ice        0 (200)      100%        5    N/A
 Lee's Rapid Deconstruct  Erth           0 (200)      100%        5    N/A
 Sandblast                Erth           0 (25)       45%         1    N/A
 Petrify                  Tmut/Erth      0 (100)      99%         4    N/A
 Passage of Golubria      Tloc           N/A          99%         4    N/A
 Aura of Abjuration       Summ           0 (200)      100%        5    N/A
 Force Lance              Tloc/Erth      0 (100)      83%         3    N/A
 Summon Forest            Summ/Tloc      0 (200)      100%        5    N/A
 Summon Mana Viper        Hex/Summ       0 (100)      100%        5    N/A
 Yara's Violent Unravell  Hex/Tmut       0 (200)      100%        5    N/A
 Lesser Beckoning         Tloc           0 (100)      83%         3    N/A
 Ignition                 Fire           0 (200)      100%        8    N/A

Dungeon Overview and Level Annotations

Branches:
Dungeon (15/15)               Orc (1/2) D:15         Vaults (0/3) D:15
 Depths (0/3) D:15         Bazaar (1/1)

Altars:
Cheibriados
Dithmenos
Elyvilon
Gozag
Jiyva
Kikubaaqudgha
Lugonu
Makhleb
Nemelex Xobeh
Okawaru
Qazlal
Ru
Sif Muna
Trog
Uskayaw
Vehumet
Wu Jian
Xom
Yredelemnul
Zin
The Shining One

Shops:
Bazaar (:((*?


Innate Abilities, Weirdness & Mutations

You are resistant to torment.
Your stone body is resilient. (AC +11)
You are immune to poison.
Your large and strong wings let you fly indefinitely.
You resist negative energy. (rN+)
You are resistant to electric shocks. (rElec)
You can survive without breathing.
You are immune to petrification.
You are immune to rotting.


Message History

The orc warlord hits you with a +2 quarterstaff (2).
* * * LOW HITPOINT WARNING * * *
You take 2 damage, and have 28/111 hp.
You now have 29/34 mp.
You bludgeon the orc warlord (33)!!
There is a fiery explosion!
The orc warlord is burned (8)!
The orc knight is burned (9)!
The orc knight is burned (6)!
You hear a shout! x3
You block the orc knight's attack.
The orc warlord hits you with a +2 quarterstaff (15)!
* * * LOW HITPOINT WARNING * * *
The orc knight hits you but does no damage.
You take 15 damage, and have 13/111 hp.
You sock the orc warlord (13)!
There is a fiery explosion!
The orc warlord is burned (2)!
You kill the orc warlord!
Cheibriados thoroughly appreciates the change of pace.
The orc knight is burned (6)!
The orc knight is burned (4)!
You block the orc knight's attack.
The orc knight hits you with a +0 double sword (29)!!
You die...

......# ##.............#
.......##..............#
...#...#..............#
#.......).#.........#
#.8....)).).>)....#####
.#.......#........#..#.#
.'.8...).)............).
#...)o.o.............))
#.8.))@))...........)))
#...).>)............)))
.......T.............)))
.......)..............))
...####)#...........)...
... ).#....>...#......
.. ).#...............
..#........#..)...
........$


You could see 2 orc knights and a troll.

Vanquished Creatures
  2 orc warlords (Orc:1)
  A dire elephant (D:15)
  A great orb of eyes (D:12)
  A fire dragon (D:15)
  Erolcha (Orc:1)
  4 vault guards (D:15)
  3 centaur warriors
  Erica (Orc:1)
  3 two-headed ogres
  An orc high priest (D:11)
  3 skeletal warriors (D:14)
  A fire crab (D:15)
  An unseen horror (D:13)
  2 necromancers (D:15)
  An orc knight (Orc:1)
  5 ugly things
  2 deep elf magi
  A manticore (D:12)
  2 wolf spiders
  2 cyclopes
  6 spiny frogs
  A torpor snail (D:12)
  3 rime drakes
  A yaktaur (D:15)
  2 freezing wraiths
  A tengu conjurer (D:12)
  3 meliai (D:15)
  3 trolls
  A harpy skeleton (D:15)
  A merfolk (D:15)
  Prince Ribbit (D:7)
  18 blink frogs
  5 slime creatures
  7 yaks
  3 wraiths
  4 wyverns
  2 shadows
  2 angry ghosts
  16 humans (D:15)
  A steam dragon (D:9)
  Menkaure (D:6)
  2 wargs (Orc:1)
  2 acid dragons (D:12)
  3 water moccasins
  A spiny frog zombie (D:8)
  Duvessa (D:7)
  A black bear (D:8)
  2 ice beasts
  24 orc warriors
  A blink frog zombie (D:13)
  A wasp (D:12)
  11 ogres
  15 centaurs
  A blink frog skeleton (D:12)
  A rime drake zombie (D:10)
  2 bullfrogs (Sewer)
  Dowan (D:7)
  A water moccasin skeleton (D:10)
  2 wyvern skeletons
  4 killer bees (D:10)
  4 scorpions
  2 crimson imps
  5 wights (D:9)
  3 howler monkeys
  5 centaur zombies
  2 quasits
  A gnoll shaman (D:6)
  2 hounds
  5 jellies
  8 orc priests
  A bullfrog skeleton (D:4)
  4 centaur skeletons
  15 orc wizards
  5 worker ants
  11 iguanas
  3 hound skeletons
  A howler monkey zombie (D:5)
  3 gnolls (D:6)
  17 adders
  3 shadow imps
  5 oozes
  4 dart slugs
  40 orcs
  5 quokkas
  15 ball pythons
  6 bats
  4 giant cockroaches
  6 goblins
  6 hobgoblins
  16 jackals
  4 kobolds
  10 frilled lizards
  31 rats
  A spectral orc (D:5)
449 creatures vanquished.

Vanquished Creatures (others)
  2 centaur warriors (D:14)
  A cyclops (D:14)
  A yaktaur (D:15)
  An orc wizard (Orc:1)
5 creatures vanquished.

Grand Total: 454 creatures vanquished

Notes
Turn   | Place    | Note
-------+----------+-------------------------------------------
     0 | D:1      | HarryHood the Gargoyle Fighter began the quest for the Orb.
     0 | D:1      | Reached XP level 1. HP: 14/14 MP: 2/2
     6 | D:1      | Noticed a hound
     6 | D:1      | Noticed a black mamba
     6 | D:1      | Noticed a seven-headed hydra
     7 | D:1      | Noticed a black bear
     7 | D:1      | Noticed a lindwurm
    77 | D:1      | Reached XP level 2. HP: 19/19 MP: 3/3
   179 | D:1      | Reached skill level 3 in Maces & Staves
   405 | D:1      | Reached XP level 3. HP: 23/23 MP: 4/4
   885 | D:2      | Reached skill level 4 in Maces & Staves
   895 | D:2      | Reached XP level 4. HP: 28/28 MP: 6/6
   922 | D:2      | Found a faded altar of an unknown god.
  1219 | D:2      | Reached skill level 5 in Maces & Staves
  1219 | D:2      | Reached XP level 5. HP: 28/32 MP: 7/7
  1230 | D:2      | Found a snail-covered altar of Cheibriados.
  1238 | D:2      | Became a worshipper of Cheibriados the Contemplative
  1438 | D:2      | Found a shimmering altar of Xom.
  1589 | D:2      | Found a burning altar of Makhleb.
  1624 | D:3      | Reached skill level 6 in Maces & Staves
  1624 | D:3      | Reached XP level 6. HP: 37/37 MP: 9/9
  1626 | D:3      | Found a viscous altar of Jiyva.
  1678 | D:3      | Found a stormy altar of Qazlal.
  1696 | D:3      | Noticed a moth of wrath
  1699 | D:3      | Found a bloodstained altar of Trog.
  1714 | D:3      | Reached * piety under Cheibriados
  1763 | D:3      | Reached skill level 4 in Fighting
  1813 | D:3      | Found a deep blue altar of Sif Muna.
  1845 | D:3      | Reached skill level 5 in Fighting
  1845 | D:3      | Reached XP level 7. HP: 44/44 MP: 10/10
  1864 | D:3      | Found a white marble altar of Elyvilon.
  1995 | D:3      | Found an iron altar of Okawaru.
  2192 | D:3      | Found a corrupted altar of Lugonu.
  2330 | D:4      | Reached skill level 6 in Fighting
  2347 | D:4      | Reached skill level 7 in Maces & Staves
  2365 | D:4      | Reached ** piety under Cheibriados
  2523 | D:4      | Got the +1 plate armour "Guzulas" {rF+ Dex+6}
  2579 | D:4      | Reached XP level 8. HP: 51/51 MP: 12/12
  2717 | D:4      | Reached skill level 8 in Maces & Staves
  2799 | D:4      | Found a glowing drain.
  2814 | Sewer    | Entered a sewer
  3080 | Sewer    | Reached skill level 9 in Maces & Staves
  3129 | Sewer    | Reached *** piety under Cheibriados
  3184 | Sewer    | Reached skill level 1 in Invocations
  3200 | Sewer    | Reached skill level 2 in Invocations
  3377 | Sewer    | Reached skill level 3 in Invocations
  3388 | Sewer    | Reached XP level 9. HP: 31/56 MP: 15/15
  3399 | Sewer    | Reached **** piety under Cheibriados
  3570 | D:5      | Entered Level 5 of the Dungeon
  3738 | D:5      | Reached skill level 7 in Fighting
  3754 | D:5      | Found an ancient bone altar of Kikubaaqudgha.
  3826 | D:5      | Found a shadowy altar of Dithmenos.
  3947 | D:5      | Found a sacrificial altar of Ru.
  4013 | D:5      | Found a basalt altar of Yredelemnul.
  4041 | D:5      | Reached skill level 10 in Maces & Staves
  4042 | D:5      | Found a sparkling altar of Nemelex Xobeh.
  4472 | D:6      | Found a glowing golden altar of the Shining One.
  4514 | D:6      | Noticed Menkaure
  4533 | D:6      | Reached ***** piety under Cheibriados
  4534 | D:6      | Killed Menkaure
  4534 | D:6      | Reached skill level 8 in Fighting
  4535 | D:6      | HP: 5/59 [centaur zombie (4)]
  4545 | D:6      | HP: 4/59 [centaur zombie (1)]
  4974 | D:6      | Found a glowing silver altar of Zin.
  4979 | D:6      | Found a radiant altar of Vehumet.
  4982 | D:6      | Found a hide-covered altar of Uskayaw.
  5018 | D:6      | Reached skill level 11 in Maces & Staves
  5043 | D:6      | Found an opulent altar of Gozag.
  5316 | D:7      | Found a deep blue altar of Sif Muna.
  5384 | D:7      | Reached XP level 10. HP: 62/65 MP: 18/18
  5584 | D:7      | Found an ornate altar of the Wu Jian Council.
  5615 | D:7      | Noticed Dowan
  5615 | D:7      | Noticed Duvessa
  5621 | D:7      | Killed Duvessa
  5621 | D:7      | Reached skill level 9 in Fighting
  5624 | D:7      | Killed Dowan
  5755 | D:7      | Noticed Prince Ribbit
  5764 | D:7      | Killed Prince Ribbit
  5764 | D:7      | Reached skill level 4 in Invocations
  5861 | D:7      | Reached skill level 12 in Maces & Staves
  6300 | D:8      | Reached skill level 5 in Invocations
  6311 | D:8      | Reached skill level 10 in Fighting
  6311 | D:8      | Reached XP level 11. HP: 69/72 MP: 20/20
  6491 | D:8      | Reached skill level 13 in Maces & Staves
  6508 | D:8      | Reached skill level 6 in Invocations
  6798 | D:9      | Found a shadowy altar of Dithmenos.
  6902 | D:9      | Reached ****** piety under Cheibriados
  6994 | D:9      | Noticed a two-headed ogre
  7001 | D:9      | Killed a two-headed ogre
  7001 | D:9      | Reached skill level 7 in Invocations
  7010 | D:9      | Reached skill level 11 in Fighting
  7030 | D:9      | Reached skill level 14 in Maces & Staves
  7067 | D:9      | Reached skill level 4 in Shields
  7067 | D:9      | Reached XP level 12. HP: 79/80 MP: 25/25
  7237 | D:10     | Entered Level 10 of the Dungeon
  7237 | D:10     | Found a shadowy altar of Dithmenos.
  7253 | D:10     | Reached skill level 8 in Invocations
  7259 | D:10     | Reached skill level 5 in Shields
  7478 | D:10     | Reached skill level 6 in Shields
  7614 | D:10     | Reached skill level 7 in Shields
  7676 | D:10     | Reached skill level 9 in Invocations
  7697 | D:10     | Got the +2 robe of Gugyucaeq {Int+4}
  8132 | D:11     | Reached skill level 12 in Fighting
  8132 | D:11     | Reached skill level 8 in Shields
  8194 | D:11     | Reached skill level 9 in Shields
  8194 | D:11     | Reached XP level 13. HP: 84/86 MP: 27/27
  8248 | D:11     | Reached skill level 4 in Armour
  8253 | D:11     | Reached skill level 10 in Invocations
  8348 | D:11     | Reached skill level 5 in Armour
  8497 | D:11     | HP: 8/87 [hell rat[a deep elf mage] (2)]
  8507 | D:11     | HP: 5/87 [hell rat[a deep elf mage] (7)]
  8935 | D:11     | Found a gateway to a bazaar.
  8942 | Bazaar   | Entered a bazaar
  8942 | Bazaar   | Found Leziliepn's Magic Scroll Shoppe.
  8942 | Bazaar   | Found Poneh's Book Emporium.
  8970 | Bazaar   | Found Kobra's General Store.
  9006 | Bazaar   | Found Hunownin's Weapon Boutique.
  9014 | Bazaar   | Bought the +7 mace "Orb Guardian's Regret" {flame, rElec rPois rC+} for 656 gold pieces
  9021 | Bazaar   | Found Idghinoeg's Weapon Shop.
  9237 | D:11     | Found a hide-covered altar of Uskayaw.
  9727 | D:12     | Reached skill level 13 in Fighting
  9798 | D:12     | Noticed a great orb of eyes
  9928 | D:12     | Reached skill level 6 in Armour
 10000 | D:12     | Killed a great orb of eyes
 10000 | D:12     | Reached skill level 11 in Invocations
 10072 | D:12     | Found a glowing golden altar of the Shining One.
 10312 | D:13     | Reached skill level 10 in Shields
 10406 | D:13     | Gained mutation: Your large and strong wings let you fly indefinitely. [Gargoyle growth]
 10406 | D:13     | Reached XP level 14. HP: 90/94 MP: 30/30
 10907 | D:14     | Reached skill level 11 in Shields
 10966 | D:14     | Reached skill level 12 in Invocations
 11347 | D:14     | Reached skill level 14 in Fighting
 11620 | D:14     | Reached skill level 12 in Shields
 12035 | D:14     | Reached skill level 7 in Armour
 12259 | D:15     | Entered Level 15 of the Dungeon
 12394 | D:15     | Reached skill level 8 in Armour
 12413 | D:15     | Reached XP level 15. HP: 87/101 MP: 32/32
 12549 | D:15     | Reached skill level 9 in Armour
 12551 | D:15     | Found a staircase to the Depths.
 12689 | D:15     | Reached skill level 15 in Fighting
 12743 | D:15     | Reached skill level 13 in Invocations
 12959 | D:15     | Reached skill level 13 in Shields
 12974 | D:15     | Found a gate to the Vaults.
 13063 | D:15     | Found a staircase to the Orcish Mines.
 13364 | Orc:1    | Entered Level 1 of the Orcish Mines
 13364 | Orc:1    | Noticed Erolcha
 13364 | Orc:1    | Noticed an orc warlord
 13369 | Orc:1    | Killed Erolcha
 13369 | Orc:1    | Reached skill level 16 in Fighting
 13370 | Orc:1    | Noticed Erica
 13378 | Orc:1    | Killed an orc warlord
 13382 | Orc:1    | Killed Erica
 13382 | Orc:1    | Reached XP level 16. HP: 57/110 MP: 31/34
 13386 | Orc:1    | Reached skill level 14 in Shields
 13622 | Orc:1    | Found a gateway to a bazaar.
 13662 | Orc:1    | Demolished by an orc knight

Skill      XL: |  1  2  3  4  5  6  7  8  9 10 11 12 13 14 15 16 |
---------------+-------------------------------------------------+-----
Maces & Staves | 3 4 5 6 7 9 11 12 14 | 14.0
Fighting       | 5 6 8 10 11 12 13 14 16 | 16.5
Invocations    | 3 5 7 9 11 12 13 | 13.3
Shields        | 4 9 10 12 13 14 | 14.2
Armour         | 6 8 9 |  9.0

Action                   |  1- 3 |  4- 6 |  7- 9 | 10-12 | 13-15 | 16-18 || total
-------------------------+-------+-------+-------+-------+-------+-------++-------
Melee: Flail             |    70 |   148 |   408 |   317 |    91 |       ||  1034
       Mace              |       |       |       |       |   468 |    34 ||   502
Invok: Bend Time         |       |       |       |     1 |       |       ||     1
       Temporal Distorti |       |       |       |       |     1 |       ||     1
       Slouch            |       |       |       |       |     3 |     2 ||     5
 Abil: Fly               |       |       |       |       |     1 |       ||     1
  Use: Scroll            |       |       |     3 |     3 |     1 |       ||     7
       Potion            |       |       |       |       |     1 |       ||     1
 Stab: Distracted        |       |       |       |       |     1 |       ||     1
Armor: Scale mail        |    18 |       |       |       |       |       ||    18
       Chain mail        |    23 |   123 |   445 |       |       |       ||   591
       Plate armour      |       |       |    90 |   175 |   306 |     6 ||   577
Dodge: Dodged            |    17 |    43 |   166 |    47 |   133 |     7 ||   413
Block: Shield            |    32 |    95 |   394 |   190 |   592 |    46 ||  1349
       Reflection        |       |       |       |       |    20 |     3 ||    23
